 Dungeon Crawl Stone Soup version 0.27.1-2-g3b301248ec (webtiles) character file.

Game seed: 10001783400487826781

53 CuBeRJAN3 the Skirmisher (level 3, -1/33 HPs)
             Began as a Hill Orc Fighter on Oct 3, 2021.
             Slain by a hound (3 damage)
             ... on level 3 of the Dungeon.
             The game lasted 00:05:02 (2044 turns).

CuBeRJAN3 the Skirmisher (Hill Orc Fighter)         Turns: 2044, Time: 00:05:03

Health: -1/33      AC:  8    Str: 19    XL:     3   Next: 87%
Magic:  3/3        EV:  7    Int:  8    God:
Gold:   49         SH:  9    Dex: 10    Spells: 2/2 levels left

rFire    . . .     SeeInvis .   a - +0 war axe
rCold    . . .     Faith    .   c - +0 kite shield
rNeg     . . .     Spirit   .   b - +0 scale mail
rPois    .         Reflect  .   (no helmet)
rElec    .         Harm     .   (no cloak)
rCorr    .         Rampage  .   f - +0 pair of gloves
Will     .....                  (no boots)
Stlth    ..........             (no amulet)
HPRegen  0.11/turn              (no ring)
MPRegen  0.08/turn              (no ring)

@: no status effects
A: no striking features
a: no special abilities


You were on level 3 of the Dungeon.
You visited 1 branch of the dungeon, and saw 3 of its levels.

You collected 49 gold pieces.

Inventory:

Hand Weapons
 a - a +0 war axe (weapon)
Armour
 b - a +0 scale mail (worn)
 c - a +0 kite shield (worn)
 f - a +0 pair of gloves (worn)
Potions
 d - a potion of might
 e - a potion of invisibility {unknown}
 g - 2 potions of curing {unknown}
 h - a potion of mutation {unknown}


   Skills:
 + Level 4.0 Fighting
 + Level 3.9 Axes
 + Level 3.7 Armour
 + Level 3.8 Shields


You had 2 spell levels left.
You didn't know any spells.
Your spell library was empty.

Dungeon Overview and Level Annotations

Branches:
Dungeon (3/15)

Altars:

Shops:
D:1 *   D:2 [

Annotations:
D:2 Natasha, Terence


Message History

The hound barks!
The orc shouts!
The orc wizard shouts!
The orc shouts! x2
You hear a shout! x2
Found 14 gold pieces.
There is a stone staircase leading up here.
Found a stone staircase leading down.
You feel sick.
A jackal comes into view.
An orc comes into view. It is wielding a +0 flail.
The orc wizard points at you and mumbles some strange words.
You resist with significant effort.
An orc comes into view. It is wielding a +0 whip.
You hear a shout!
Unknown command.
You feel sick.
The orc shouts!
You feel sick.
You feel sick.
You are no longer poisoned.
The hound bites you but does no damage. The hound barely misses you.
You block the hound's attack. The hound bites you but does no damage.
Found a scroll labelled ZECVEZ TUBBUE.
The hound bites you.
* * * LOW HITPOINT WARNING * * *
The hound closely misses you. The hound bites you but does no damage.
You block the hound's attack.
You see here a scroll labelled ZECVEZ TUBBUE.
The hound bites you but does no damage. You block the hound's attack.
You block the hound's attack. The hound barely misses you. The hound bites you.
* * * LOW HITPOINT WARNING * * *
The hound bites you.
* * * LOW HITPOINT WARNING * * *
A kobold comes into view. It is wielding a +0 dagger.
The kobold shouts!
The hound bites you.
You die...

#.# #.#.#
.....hh..
#.#.#.#.#
###
........
..#
#.#.#o#.#
#.#
.<..o....
#K#
#.#.#.#.#
#.#
#o....>..
#.#
#.####..#
#@# #.#
.. #h##
#.# $
#o.# #.#
##.# .h#
#h# ..#
#o# ..#
#.# ..#
#.# ..#
#.#


You could see a hound, 2 orcs, a jackal and a kobold.

Vanquished Creatures
  A gnoll (D:2)
  An adder (D:2)
  A worm (D:2)
  A dart slug (D:2)
  3 ball pythons
  2 bats (D:1)
  4 endoplasms
  3 giant cockroaches (D:1)
  3 hobgoblins
  A frilled lizard (D:1)
  3 goblins (D:1)
  3 kobolds (D:1)
  2 rats
28 creatures vanquished.

Notes
Turn   | Place    | Note
-------+----------+-------------------------------------------
     0 | D:1      | CuBeRJAN3 the Hill Orc Fighter began the quest for the Orb.
     0 | D:1      | Reached XP level 1. HP: 19/19 MP: 1/1
   255 | D:1      | Found Qeij's General Store.
   313 | D:1      | Reached XP level 2. HP: 25/27 MP: 2/2
  1099 | D:2      | Reached XP level 3. HP: 33/33 MP: 3/3
  1430 | D:2      | Noticed Terence
  1547 | D:2      | Found Waridu Oxoph's Antique Armour Boutique.
  1814 | D:2      | Reached skill level 4 in Fighting
  1978 | D:2      | Noticed Natasha
  2002 | D:3      | Noticed a black bear
  2023 | D:3      | HP: 1/33 [hound (3)]
  2041 | D:3      | HP: 1/33 [hound (1)]
  2044 | D:3      | Slain by a hound

Illustrated notes

Levels and vault maps discovered:
D:1:      saegor_arrival_simple_d, layout_basic, serial_shops, shop,
          interstate_on_off
D:2:      layout_loops_cross, hellmonk_ecumenical_altar_inner_sanctum,
          serial_shops, shop_statue, uniq_terence, uniq_natasha, uniq_sigmund
D:3:      layout_loops_cross, portal_sewer_entry_e, st_stairs_10,
          serial_park_tiny_1, moated_statue

Skill      XL: |  1  2  3 |
---------------+----------+-----
Axes           | 3 |  3.9
Fighting       | 4 |  4.0
Armour         | |  3.7
Shields        | |  3.8

Action                   || total
-------------------------++-------
Melee: War axe           ||    74
  Use: Scroll            ||     2
Armor: Scale mail        ||    36
Dodge: Dodged            ||    24
Block: Kite shield       ||    47
